cohdb
Replays
Latest Replays
All Replays
Popular Replays
Top Player Replays
Match Explorer
How It Works
Community
CoH3 Stats
Reddit
Sign in to upload your games and track your stats! →
Sign in with Steam
Match 40509732
Unlisted
Match 40509732
Overview
Messages
Build Orders
End
Panzergrenadier Squad
Selects Panzerjäger Kommand Battlegroup
Panzergrenadier Squad
250 Light Carrier
Construct Light Support Kompanie
Selects Tank Busters
Fire Support Elements
Panzerjäger Squad
le.IG 18 Mechanized Group
Selects Crew Shock Tactics
Combat Half-tracks
MG34 Team
Construct Panzerarmee Kommand
Armored Reserves
Pak 38 Anti-tank Gun Team
Nuclear Viking
R
Lieutenant Guy
TossarN
Albatross
monkaW
0
0
Comments
sign in to comment!
No comments posted yet!